 Dungeon Crawl Stone Soup version 0.29.0-13-gc9e81de378 (webtiles) character file.

Game seed: 14327777866242560395

84 xian the Chiller (level 4, -5/31 HPs)
             Began as a Merfolk Ice Elementalist on Sept 10, 2022.
             Slain by Sigmund
             ... wielding a +2 scythe of holy wrath
              (9 damage)
             ... on level 2 of the Dungeon.
             The game lasted 00:05:33 (1972 turns).

xian the Chiller (Merfolk Ice Elementalist)         Turns: 1972, Time: 00:05:33

Health: -5/31      AC:  8    Str:  8    XL:     4   Next: 46%
Magic:  1/7        EV: 12    Int: 22    God:
Gold:   52         SH:  0    Dex: 14    Spells: 1/8 levels left

rFire   . . .      SeeInvis .   h - +1 whip (venom)
rCold   . . .      Faith    .   (no shield)
rNeg    . . .      Spirit   .   f - +0 leather armour
rPois   .          Reflect  .   (no helmet)
rElec   .          Harm     .   (no cloak)
rCorr   .          Rampage  .   (no gloves)
Will    .....                   (no boots)
Stlth   ++........              (no amulet)
HPRegen 0.10/turn               k - +6 ring of intelligence
MPRegen 0.10/turn               (no ring)

@: ice-armoured, freezing walls
A: (nimble swimmer 2), mertail
a: no special abilities


You were on level 2 of the Dungeon.
You visited 1 branch of the dungeon, and saw 2 of its levels.

You collected 52 gold pieces.

Inventory:

Hand Weapons
 h - a +1 whip of venom (weapon)
Armour
 f - a +0 leather armour (worn)
Jewellery
 k - a +6 ring of intelligence (left hand)
Scrolls
 a - 2 scrolls of identify {unknown}
 c - a scroll of butterflies {unknown}
 e - a scroll of teleportation {unknown}
 j - a scroll of amnesia {unknown}
Potions
 b - a potion of magic
 d - a potion of brilliance {unknown}
 g - a potion of berserk rage {unknown}
 i - a potion of ambrosia {unknown}


   Skills:
 + Level 0.3 Fighting
 + Level 0.5 Short Blades
 + Level 0.3 Maces & Flails
 + Level 0.6 Armour
 + Level 2.9 Dodging
 + Level 3.0 Stealth
 + Level 2.5 Spellcasting
 + Level 5.1 Ice Magic


You had one spell level left.
You knew the following spells:

 Your Spells              Type           Power      Damage    Failure   Level
a - Freeze                Ice            100%       1d11      2%          1
b - Frozen Ramparts       Ice            50%        1d8       7%          3
c - Ozocubu's Armour      Ice            25%        N/A       7%          3

Your spell library contained the following spells:

 Spells                   Type           Power      Damage    Failure   Level
 Hailstorm                Conj/Ice       14%        3d5       54%         4


Dungeon Overview and Level Annotations

Branches:
Dungeon (2/15)

Altars:

Shops:
D:1 [=*(

Annotations:
D:2 Sigmund


Innate Abilities, Weirdness & Mutations

((You are very nimble when in or above water. (Stealth+, EV+, Speed+++)))
Your lower body shifts to a powerful aquatic tail in water.


Message History

You are confused.
Sigmund casts a spell at you.
You are more confused.
Sigmund laughs darkly.
You bump into the rock wall.
Sigmund casts a spell.
Sigmund flickers and vanishes!
Deactivating autopickup; reactivate with Ctrl-A.
A puff of flame appears from out of thin air!
The puff of flame hits you!
You bump into the rock wall.
A puff of flame appears from out of thin air!
The puff of flame hits you!
You bump into the rock wall.
You're too confused to cast spells.
You bump into the rock wall.
You're too confused to cast spells.
You feel less confused.
Casting: Freeze (safe; 2% risk of failure)
Confirm with . or Enter, or press ? or * to list all spells.
You can't see any susceptible monsters within range! (Use Z to cast anyway.) Unknown command.
Unknown command.
Casting: Freeze (safe; 2% risk of failure)
Confirm with . or Enter, or press ? or * to list all spells.
You can't see any susceptible monsters within range! (Use Z to cast anyway.)
Casting: Freeze (safe; 2% risk of failure)
Confirm with . or Enter, or press ? or * to list all spells.
The spell is quite dangerous to miscast (7% risk of failure)!
Continue anyway?
Casting: Frozen Ramparts (quite dangerous; 7% risk of failure)
Press: ? - help, Dir - look around, f - activate The walls around you are covered in ice.
The wall freezes something but does no damage.
Something hits you!
* * * LOW HITPOINT WARNING * * *
Casting: Frozen Ramparts (quite dangerous; 7% risk of failure)
Confirm with . or Enter, or press ? or * to list all spells.
The spell is quite dangerous to miscast (7% risk of failure)!
Continue anyway?
A film of ice covers your body!
The wall freezes something.
Something hits you!
You die...

#....####.........@............
#....##.........#....########..
#[...#...............# #...
######..........##.#.#######...
#[.##.#####.##........#..#.
#.#...# #.###.........##.
#...### ##.# #.........##.
##### #..# #.........### #@##
#.........# #####.# #.........#
##.....## #.........###
#.......###...........#
#######...†............
#####..[......... #............
#.........### ##.......##


There were no monsters in sight!

Vanquished Creatures
  A howler monkey (D:2)
  An adder (D:2)
  2 ball pythons
  2 endoplasms
  3 goblins (D:1)
  8 hobgoblins
  2 jackals (D:1)
  2 quokkas (D:1)
  5 bats
  3 frilled lizards (D:1)
  4 kobolds
  3 rats (D:2)
36 creatures vanquished.

Notes
Turn   | Place    | Note
-------+----------+-------------------------------------------
     0 | D:1      | xian the Merfolk Ice Elementalist began the quest for the
                  | Orb.
     0 | D:1      | Reached XP level 1. HP: 13/13 MP: 3/3
   190 | D:1      | Found Zofibear's Jewellery Shoppe.
   280 | D:1      | Found Ceory's Assorted Antiques.
   305 | D:1      | Reached XP level 2. HP: 14/19 MP: 0/5
   482 | D:1      | Found Casosk Fiwn's Armour Boutique.
   976 | D:1      | Reached skill level 5 in Ice Magic
  1073 | D:1      | Reached XP level 3. HP: 24/24 MP: 6/6
  1085 | D:1      | Found a faded altar of an unknown god.
  1104 | D:1      | Learned a level 3 spell: Frozen Ramparts
  1235 | D:1      | Found Ybolode's Antique Weapon Boutique.
  1389 | D:1      | Found Zodub's Armour Boutique.
  1816 | D:2      | Reached XP level 4. HP: 19/31 MP: 1/7
  1841 | D:2      | Learned a level 3 spell: Ozocubu's Armour
  1956 | D:2      | Noticed Sigmund
  1972 | D:2      | Slain by Sigmund

Illustrated notes

Levels and vault maps discovered:
D:1:      minmay_arrival_semitransparent, layout_basic,
          shapermc_ecumenical_altar_pompeii, serial_shops, shop_statue, shop,
          shop, shop, nicolae_square_shop
D:2:      layout_rooms, kennysheep_cross_room, grunt_ministairs_8,
          hangedman_feature_mirror, uniq_sigmund

Skill      XL: |  1  2  3 |
---------------+----------+-----
Ice Magic      | 5 |  5.1
Stealth        | 3 |  3.0
Fighting       | |  0.3
Short Blades   | |  0.5
Maces & Flails | |  0.3
Armour         | |  0.6
Dodging        | |  2.9
Spellcasting   | |  2.5

Action                   |  1- 3 |  4- 6 || total
-------------------------+-------+-------++-------
Melee: Short sword       |    43 |       ||    43
       Punch             |     2 |       ||     2
       Unarmed           |     1 |       ||     1
       Whip              |    14 |       ||    14
 Cast: Freeze            |    24 |       ||    24
       Frozen Ramparts   |     3 |     1 ||     4
       Ozocubu's Armour  |       |     1 ||     1
 Stab: Sleeping          |     5 |       ||     5
Armor: Robe              |     2 |       ||     2
       Leather armour    |    21 |       ||    21
Dodge: Dodged            |    52 |       ||    52
